 Dungeon Crawl Stone Soup version 0.27-a0-988-g25969acef8 (webtiles) character file.

Game seed: 7473128573882667535

638 tardwrangler69 the Stinger (level 7, -1/50 HPs)
             Began as a Pale Draconian Venom Mage on Apr 16, 2021.
             Slain by a phantom (8 damage)
             ... on level 5 of the Dungeon.
             The game lasted 00:07:16 (6260 turns).

tardwrangler69 the Stinger (DrVM)                   Turns: 6260, Time: 00:07:17

Health: -1/50      AC:  7    Str: 10    XL:     7   Next: 25%
Magic:  13/13      EV: 12    Int: 17    God:
Gold:   282        SH:  0    Dex: 12    Spells: 10/15 levels left

rFire    . . .     SeeInvis .   e - +0 spear
rCold    . . .     Faith    .   (no shield)
rNeg     . . .     Spirit   .   (armour unavailable)
rPois    .         Reflect  .   (helmet restricted)
rElec    .         Harm     .   (no cloak)
rCorr    .         Rampage  .   (no gloves)
Will     .....                  g - +0 pair of boots
Stlth    ++........             (no amulet)
HPRegen  0.16/turn              (no ring)
MPRegen  0.13/turn              (no ring)

@: brilliant, flying
A: breathe steam, AC +6, unfitting armour, cold-blooded, steam resistance
a: Breathe Steam


You were on level 5 of the Dungeon.
You visited 1 branch of the dungeon, and saw 5 of its levels.

You collected 282 gold pieces.

Inventory:

Hand Weapons
 e - a +0 spear (weapon)
Missiles
 b - a throwing net
Armour
 g - a +0 pair of boots (worn)
Jewellery
 c - a ring of fire
Wands
 o - a wand of polymorph (10)
Scrolls
 h - a scroll of identify {unknown}
 k - a scroll of acquirement {unknown}
 l - a scroll of fear {unknown}
 m - a scroll of blinking {unknown}
 n - a scroll of teleportation {unknown}
 q - a scroll of enchant armour {unknown}
 r - a scroll of immolation {unknown}
Potions
 a - a potion of brilliance
 d - 2 potions of flight
 f - a potion of magic {unknown}
 i - a potion of heal wounds {unknown}
 j - a potion of ambrosia {unknown}
 p - a potion of invisibility {unknown}


   Skills:
 - Level 1.7 Dodging
 - Level 1.7 Stealth
 + Level 4.5 Spellcasting
 - Level 1.0 Transmutations
 * Level 7.2 Poison Magic


You had 10 spell levels left.
You knew the following spells:

 Your Spells              Type           Power      Damage    Failure   Level
a - Sting                 Tmut/Pois      100%       1d8       2%          1
b - Olgreb's Toxic Radia  Pois           42%        N/A       8%          4

Your spell library contained the following spells:

 Spells                   Type           Power      Damage    Failure   Level
 Poisonous Vapours        Pois/Air       48%        N/A       5%          2
 Ignite Poison            Fire/Tmut/Pois 19%        N/A       14%         3
 Magic Dart               Conj           20%        1d4       16%         1
 Mephitic Cloud           Conj/Pois/Air  17%        N/A       17%         3
 Blink                    Tloc           N/A        N/A       22%         2
 Call Imp                 Summ           5%         N/A       22%         2
 Slow                     Hex            5%         N/A       22%         2
 Conjure Flame            Conj/Fire      5%         6-21      41%         3


Dungeon Overview and Level Annotations

Branches:
Dungeon (5/15)
 Temple: D:4-7

Altars:
Elyvilon
Hepliaklqana
Yredelemnul

Shops:
D:1 *


Innate Abilities, Weirdness & Mutations

You can breathe blasts of scalding, opaque steam.
Your pale cyan-grey scales are hard. (AC +6)
You cannot fit into any form of body armour.
You are cold-blooded and may be slowed by cold attacks.
You are immune to the effects of steam.


Message History

You are too injured to fight recklessly!
You hit the phantom.
The phantom is almost destroyed.
The phantom barely misses you. The phantom hits you.
Reach: e) +0 spear
Press: ? - help, Dir - move target, f/p - phantom
Aim: a phantom (almost destroyed, about 52% to evade your +0 spear)
You hit the phantom but do no damage.
The phantom is almost destroyed.
The phantom hits you!
* * * LOW HITPOINT WARNING * * *
Reach: e) +0 spear
Press: ? - help, Dir - move target, f/p - phantom
Aim: a phantom (almost destroyed, about 52% to evade your +0 spear)
You closely miss the phantom.
The phantom is almost destroyed.
The phantom barely misses you.
Reach: e) +0 spear
Press: ? - help, Dir - move target, f/p - phantom
Aim: a phantom (almost destroyed, about 52% to evade your +0 spear)
You closely miss the phantom.
The phantom is almost destroyed.
The phantom hits you.
* * * LOW HITPOINT WARNING * * *
Reach: e) +0 spear
Press: ? - help, Dir - move target, f/p - phantom
Aim: a phantom (almost destroyed, about 52% to evade your +0 spear)
You barely miss the phantom.
The phantom is almost destroyed.
The phantom hits you.
* * * LOW HITPOINT WARNING * * *
The phantom blinks!
You blink.
It was a potion of flight.
You feel very buoyant.
You fly up into the air.
The phantom hits you but does no damage.
It was a potion of brilliance.
You feel clever all of a sudden. The phantom hits you!
You die...

#.................#.....# .
#.................#.....# . ...
#..###'########+###.....###.
...###..##..##...................
...#......>..#........)..........
..<#.........#...................
...#.........#..........)........
...##'####...#...................
#......#####..@..######+#####..
#......# #...W.+ #.. #......#
#.....# #.. #......# #.....# #..
###.....[#####.....############..
......................[..........
...........ยง.....................
................................)
.................................


You could see a phantom.

Vanquished Creatures
  Sigmund (D:4)
  Eustachio (D:4)
  A necrophage (D:4)
  Blork the orc (D:4)
  An iguana (D:5)
  5 gnolls
  A river rat (D:3)
  3 adders
  A shadow imp (D:5)
  An ufetubus (D:5)
  A worm (D:2)
  4 orcs
  4 ball pythons
  8 bats
  3 endoplasms
  6 giant cockroaches
  8 goblins
  8 hobgoblins
  11 jackals
  3 kobolds
  3 quokkas
  7 rats
82 creatures vanquished.

Notes
Turn   | Place    | Note
-------+----------+-------------------------------------------
     0 | D:1      | tardwrangler69 the Draconian Venom Mage began the quest for
                  | the Orb.
     0 | D:1      | Reached XP level 1. HP: 14/14 MP: 3/3
   415 | D:1      | Reached XP level 2. HP: 15/20 MP: 5/5
  1232 | D:1      | Reached XP level 3. HP: 25/26 MP: 3/6
  1237 | D:1      | Reached skill level 4 in Poison Magic
  1308 | D:1      | Found Liegex's General Store.
  1492 | D:2      | Found a faded altar of an unknown god.
  1631 | D:2      | Found a white marble altar of Elyvilon.
  2745 | D:3      | Found a basalt altar of Yredelemnul.
  2938 | D:3      | Reached XP level 4. HP: 33/33 MP: 6/8
  3063 | D:3      | Found a hazy altar of Hepliaklqana.
  3784 | D:4      | Noticed Eustachio
  3903 | D:4      | Killed Eustachio
  3904 | D:4      | Reached skill level 5 in Poison Magic
  3904 | D:4      | Reached XP level 5. HP: 38/38 MP: 4/10
  4499 | D:4      | Noticed Blork the orc
  4514 | D:4      | Killed Blork the orc
  4515 | D:4      | Reached XP level 6. HP: 32/45 MP: 6/11
  4692 | D:4      | Reached skill level 6 in Poison Magic
  4958 | D:4      | Noticed Sigmund
  4971 | D:4      | Killed Sigmund
  4972 | D:4      | Your scales start taking on a pale cyan-grey colour.
  4972 | D:4      | Reached XP level 7. HP: 23/50 MP: 6/13
  4972 | D:4      | Gained mutation: You are immune to the effects of steam.
                  | [Pale Draconian growth]
  5383 | D:5      | Entered Level 5 of the Dungeon
  5488 | D:5      | Learned a level 4 spell: Olgreb's Toxic Radiance
  5522 | D:5      | Reached skill level 7 in Poison Magic
  6260 | D:5      | Slain by a phantom

Illustrated notes

Levels and vault maps discovered:
D:1:      minmay_arrival_widening_spiral_wide, layout_basic, serial_shops, shop,
          minmay_split_cup_large
D:2:      minmay_door_path, layout_basic, basic_ecumenical_altar, basic_altar,
          kennysheep_generic_room_12
D:3:      layout_loops_corners, lemuel_crystal_altar, amcnicky_altar_gilded,
          gup_sewer_entry_bowl
D:4:      layout_basic, uniq_eustachio, uniq_sigmund, uniq_blork_the_orc
D:5:      layout_gridville, grunt_temple_overflow_bloody_war

Skill      XL: |  1  2  3  4  5  6  7 |
---------------+----------------------+-----
Poison Magic   | 4 5 6 7 |  7.2
Spellcasting   | 3 4 |  4.5
Dodging        | |  1.7
Stealth        | |  1.7
Transmutations | |  1.0

Action                   |  1- 3 |  4- 6 |  7- 9 || total
-------------------------+-------+-------+-------++-------
Melee: Unarmed           |    34 |       |       ||    34
       Tailslap          |    15 |     9 |     5 ||    29
       Spear             |   131 |   105 |    77 ||   313
 Cast: Sting             |    25 |    31 |    15 ||    71
       Olgreb's Toxic Ra |       |       |     4 ||     4
  Use: Potion            |       |       |     2 ||     2
 Stab: Sleeping          |     6 |     4 |       ||    10
Armor: Skin              |    59 |    41 |    20 ||   120
Dodge: Dodged            |   133 |    67 |    62 ||   262

Table legend: (Time is in decaauts)
 A = Elapsed time spent in this place.
 B = Non-inter-level travel time spent in this place.
 C = Inter-level travel time spent in this place.
 D = Time resting spent in this place.
 E = Time spent auto-exploring this place.
 F = Levels seen in this place.
 G = Mean time per level.
                   A        B        C        D        E       F      G
               +--------+--------+--------+--------+--------+-----+--------+
         Total |   6301 |   6106 |    195 |    317 |   4842 |   5 | 1260.2 |
       Dungeon |   6301 |   6106 |    195 |    317 |   4842 |   5 | 1260.2 |
               +--------+--------+--------+--------+--------+-----+--------+

Top non-repeatable levels by time:
     D:4: 1804 daAuts
     D:1: 1493 daAuts
     D:3: 1255 daAuts
     D:2: 1127 daAuts
     D:5: 621 daAuts
